AoeStats
← Marak

Arena

510423453Analyzed
4v4 RM · 2d ago on Sep 30, 2026· 53m 51s· 8 players
Game mode
Random Map
Map size
Large (8 player)
Population
200
Speed
Normal
Resources
Standard
Victory
Conquest
Starting age
Dark Age
Ending age
Imperial Age
RankedLock teamsTeams togetherTeam positionsShared explorationLock speedFull tech treeHidden civsTurbo modeCheats
Victory
Defeat
🇺🇸 Goths · United States
988
+13
🇧🇷 Romans · Brazil
982
+14
🇵🇪 Danes · Peru
941
+15
🇦🇺 Cumans · Australia
939
+16
🇹🇷 Maya · Türkiye
953
-15
🇳🇴 Berbers · Norway
934
-15
🇮🇹 Spanish · Italy
914
-14
🇺🇸 Japanese · United States
910
-14
Fred Jama
0:27 Loom
0:48 Loom
1:00 Loom
11:25 Feudal Age
16:34 Castle Age
15:33 Double-Bit Axe
17:02 Wheelbarrow
18:25 Bow Saw
21:19 Hand Cart
29:42 Imperial Age
26:57 Horse Collar
28:04 Fletching
28:21 Scale Barding Armor
28:20 Padded Archer Armor
30:28 Gold Mining
31:00 Conscription
30:15 Pikeman
34:11 Halberdier
34:51 Squires
35:04 Forging
35:33 Stone Mining
35:36 Town Watch
35:57 Scale Mail Armor
36:33 Iron Casting
35:54 Bodkin Arrow
36:28 Caravan
36:35 Onager
38:32 Chemistry
38:08 Ballistics
38:15 Ballistics
39:32 Elite Conquistador
45:23 Two-Man Saw
44:24 Town Patrol
52:47 Elite Skirmisher
53:44 Leather Archer Armor
53:30 Bracer
53:36 Bracer
Akranon
11:08 Feudal Age
16:41 Castle Age
16:01 Double-Bit Axe
15:59 Horse Collar
16:12 Gold Mining
16:15 Stone Mining
17:41 Wheelbarrow
18:47 Gold Shaft Mining
18:12 Loom
19:06 Loom
19:42 Bow Saw
27:16 Heavy Plow
27:43 Hand Cart
28:47 Scale Mail Armor
29:33 Town Watch
30:27 Chain Mail Armor
30:31 Squires
30:17 Arson
31:23 Forging
32:44 Iron Casting
34:58 Imperial Age
35:03 Caravan
35:16 Fortified Wall
35:10 Elite Samurai
36:12 Conscription
35:53 Yasama
37:01 Blast Furnace
36:32 Plate Mail Armor
35:40 Pikeman
37:53 Two-Man Saw
36:47 Halberdier
38:15 Coinage
38:29 Masonry
37:42 Capped Ram
39:01 Kataparuto
40:55 Gambesons
40:31 Man-at-Arms
41:33 Yasama
41:34 Guard Tower
44:51 Keep
45:55 Chemistry
44:40 Arrowslits
44:57 Long Swordsman
46:26 Fletching
47:48 Hoardings
47:35 Bodkin Arrow
47:25 Treadmill Crane
52:43 Siege Engineers
Poiu ♡
5:37 Loom
11:17 Feudal Age
14:26 Town Watch
16:52 Castle Age
14:47 Horse Collar
15:08 Double-Bit Axe
23:24 Imperial Age
21:32 Bow Saw
22:38 Heavy Plow
27:15 Fletching
27:34 Scale Barding Armor
27:30 Padded Archer Armor
27:52 Gold Mining
27:59 Stone Mining
28:49 Wheelbarrow
28:48 Conscription
31:44 Kasbah
34:53 Bodkin Arrow
35:15 Leather Archer Armor
35:21 Chain Barding Armor
36:20 Town Patrol
37:01 Gold Shaft Mining
36:51 Thumb Ring
38:43 Maghrebi Camels
40:13 Chemistry
39:51 Elite Camel Archer
40:49 Forging
41:46 Ballistics
41:29 Bracer
42:26 Hand Cart
42:58 Squires
42:19 Pikeman
43:03 Scale Mail Armor
44:03 Stone Shaft Mining
44:59 Ring Archer Armor
44:48 Chain Mail Armor
45:45 Iron Casting
45:50 Arson
46:24 Man-at-Arms
47:42 Siege Engineers
47:48 Masonry
51:29 Long Swordsman
cold1a
1:31 Loom
12:06 Feudal Age
15:59 Castle Age
14:20 Double-Bit Axe
14:54 Horse Collar
23:37 Squires
30:13 Bow Saw
30:16 Heavy Plow
31:26 Gold Mining
33:05 Wheelbarrow
33:43 Pikeman
34:25 Squires
34:11 Arson
38:22 Fortified Wall
38:36 Ballistics
40:27 Murder Holes
48:22 Town Watch
48:32 Stone Mining
52:21 Imperial Age
50:51 Hand Cart
moisttoilet
0:32 Loom
9:41 Feudal Age
10:21 Double-Bit Axe
11:13 Horse Collar
18:56 Castle Age
17:43 Stone Mining
17:54 Man-at-Arms
18:41 Scale Mail Armor
19:36 Forging
20:13 Wheelbarrow
20:36 Chain Mail Armor
23:27 Bow Saw
23:42 Pikeman
24:24 Squires
26:34 Anarchy
27:43 Masonry
32:49 Imperial Age
31:01 Town Watch
32:16 Iron Casting
33:54 Conscription
33:58 Hand Cart
35:06 Blast Furnace
34:25 Perfusion
35:21 Gold Mining
38:02 Halberdier
43:43 Caravan
43:47 Heavy Scorpion
45:31 Chemistry
46:17 Elite Huskarl
47:53 Onager
49:16 Fletching
49:27 Padded Archer Armor
Yggdrasil
0:35 Loom
10:05 Feudal Age
10:50 Double-Bit Axe
14:48 Wheelbarrow
18:05 Castle Age
16:31 Horse Collar
19:59 Heavy Plow
20:12 Bow Saw
23:12 Fervor
23:00 Town Watch
23:09 Gold Mining
24:01 Town Patrol
24:32 Hand Cart
24:47 Stone Mining
27:04 Sanctity
28:41 Masonry
31:20 Imperial Age
29:42 Forging
29:32 Scale Mail Armor
30:29 Gambesons
30:46 Squires
31:50 Gold Shaft Mining
31:50 Stone Shaft Mining
32:13 Ballistics
32:31 Iron Casting
32:12 Chain Mail Armor
31:48 Fletching
33:24 Conscription
32:58 Hamask
34:09 Onager
34:48 Murder Holes
36:36 Blast Furnace
36:07 Plate Mail Armor
35:56 Capped Ram
37:19 Heavy Scorpion
38:07 Northmen's Fury
39:45 Hoardings
40:14 Chemistry
40:23 Siege Engineers
40:11 Elite Varangian Guard
40:51 Bodkin Arrow
40:57 Padded Archer Armor
42:30 Siege Onager
43:45 Capped Ram
45:31 Siege Ram
47:39 Bracer
47:54 Leather Archer Armor
NannoD
11:05 Feudal Age
9:56 Loom
15:08 Castle Age
12:56 Loom
16:38 Double-Bit Axe
16:50 Horse Collar
18:24 Wheelbarrow
25:20 Gold Mining
26:41 Heavy Plow
26:55 Bow Saw
27:53 Hand Cart
30:26 Gold Shaft Mining
29:42 Stone Mining
36:08 Imperial Age
37:23 Crop Rotation
38:55 Forging
38:45 Scale Mail Armor
39:02 Man-at-Arms
39:03 Pikeman
39:46 Squires
40:00 Long Swordsman
40:38 Legionary
40:38 Halberdier
40:46 Heavy Scorpion
43:02 Iron Casting
42:42 Chain Mail Armor
45:34 Chemistry
44:54 Ballistics
45:01 Ballistas
45:16 Comitatenses
45:17 Conscription
44:20 Elite Centurion
48:36 Caravan
54:57 Blast Furnace
54:03 Scale Barding Armor
Marak
9:10 Feudal Age
12:03 Horse Collar
14:54 Double-Bit Axe
21:10 Castle Age
20:41 Forging
20:38 Scale Barding Armor
22:16 Bloodlines
22:22 Bow Saw
22:15 Heavy Plow
24:39 Gold Mining
27:36 Stone Mining
29:45 Iron Casting
31:24 Gold Shaft Mining
32:00 Wheelbarrow
31:11 Loom
32:08 Chain Barding Armor
35:43 Imperial Age
38:03 Plate Barding Armor
38:29 Blast Furnace
37:37 Elite Steppe Lancer
38:30 Steppe Husbandry
40:48 Light Cavalry
41:58 Hussar
42:33 Fletching
42:44 Padded Archer Armor
46:40 Bodkin Arrow
47:01 Leather Archer Armor
48:31 Cuman Mercenaries
47:55 Elite Kipchak
49:11 Ring Archer Armor
50:23 Scale Mail Armor
53:41 Crop Rotation
Connection lost

Rejoining the realm…

Still unreachable

The connection could not be restored.

Session expired

The server has moved on; the page needs a fresh start.